 Dungeon Crawl Stone Soup version 0.31-a0-237-g2d982f9f85 (webtiles) character file.

Game seed: 7096884642994819200

71 Pooter the Trooper (level 4, 0/29 HPs)
             Began as a Gargoyle Berserker on July 11, 2023.
             Was a Believer of Trog.
             Slain by a gnoll
             ... wielding a +0 club
              (4 damage)
             ... on level 2 of the Dungeon.
             The game lasted 00:07:34 (1000 turns).

Pooter the Trooper (Gargoyle Berserker)             Turns: 1000, Time: 00:07:35

Health: 0/29       AC: 10    Str: 22    XL:     4   Next: 24%
Magic:  4/4        EV: 11    Int:  8    God:    Trog [**....]
Gold:   35         SH:  0    Dex:  9    Spells: 3/3 levels left

rFire   . . .        a - +0 hand axe
rCold   . . .        (no shield)
rNeg    + . .        h - +0 ring mail
rPois   ∞            d - +0 helmet
rElec   +            f - scarf {+Inv}
rCorr   .            (no gloves)
SInv    .            (no boots)
Will    .....        (no amulet)
Stlth   +            c - ring of flight
HPRegen 0.24/turn    (no ring)
MPRegen 0.09/turn

%: no passive effects
@: on berserk cooldown, flying, slowed, very slow
A: sickness immunity, AC +3, negative energy resistance 1, electricity
resistance, torment resistance 1, petrification resistance
a: Renounce Religion, Evoke Invisibility, Berserk, Trog's Hand


You were on level 2 of the Dungeon.
You worshipped Trog.
Trog was pleased with you.
You visited 1 branch of the dungeon, and saw 2 of its levels.

You collected 35 gold pieces.

Inventory:

Hand Weapons
 a - a +0 hand axe (weapon)
Missiles
 l - 4 poisoned darts (quivered)
 Q - 9 stones
Armour
 d - a +0 helmet (worn)
   (You found it on level 1 of the Dungeon)
 f - a scarf of invisibility (worn)
   (You found it on level 1 of the Dungeon)
 h - a +0 ring mail (worn)
   (You found it on level 1 of the Dungeon)
Jewellery
 c - a ring of flight (left hand)
   (You found it on level 1 of the Dungeon)
Scrolls
 i - a scroll of revelation {unknown}
 j - a scroll of poison
 k - a scroll of brand weapon {unknown}
Potions
 b - 2 potions of brilliance {unknown}
 e - a potion of heal wounds {@q2}
 g - a potion of attraction {!q}


   Skills:
 + Level 3.7 Fighting
 * Level 3.4 Axes
 - Level 2.1 Armour
 - Level 1.5 Dodging
 * Level 2.5 Stealth
 + Level 0.5 Evocations


You had 3 spell levels left.
You didn't know any spells.
Your spell library was empty.

Dungeon Overview and Level Annotations

Branches:
Dungeon (2/15) Zot: 10969

Altars:

Shops:
D:1 !


Innate Abilities, Weirdness & Mutations

You are immune to sickness and miasma.
Your stone body is resilient. (AC +3)
You are immune to poison.
You resist negative energy. (rN+)
You are resistant to electric shocks. (rElec)
You are resistant to unholy torment.
You are immune to petrification.


Message History

The gnoll barely misses you.
A red film seems to cover your vision as you go berserk!
You feel yourself moving faster!
You feel mighty!
You feel a strong urge to attack something.
You hit the gnoll.
The gnoll hits you from afar with a +0 spear.
The gnoll hits you but does no damage.
You slash the gnoll! The gnoll barely misses you. The gnoll closely misses you.
The gnoll barely misses you.
You barely miss the gnoll. The gnoll hits you with a +0 halberd!
The gnoll misses you. The gnoll barely misses you.
You slash the gnoll!
You kill the gnoll!
Trog accepts your kill. The gnoll hits you with a +0 spear.
The gnoll hits you with a +0 halberd.
The hobgoblin hits you but does no damage.
You see here a +0 halberd.
You are too injured to fight recklessly!
You are too injured to fight recklessly!
You are too injured to fight recklessly!
You slash the gnoll!
You kill the gnoll!
Trog accepts your kill.
You hit the hobgoblin. You slash the gnoll! The gnoll hits you with a +0 spear!
* * * LOW HITPOINT WARNING * * *
The hobgoblin hits you but does no damage.
You have reached level 4!
You feel clever.
You slash the gnoll!
You kill the gnoll!
Trog accepts your kill.
You closely miss the hobgoblin. You barely miss the gnoll.
The gnoll hits you with a +0 club.
* * * LOW HITPOINT WARNING * * *
The hobgoblin hits you.
* * * LOW HITPOINT WARNING * * *
You slash the gnoll! You hit the hobgoblin.
You kill the hobgoblin!
Trog accepts your kill.
You closely miss the gnoll.
You are no longer berserk.
You are exhausted.
You feel yourself slow down. The gnoll hits you with a +0 club.
* * * LOW HITPOINT WARNING * * *
You hit the gnoll but do no damage. The gnoll barely misses you. x2
You closely miss the gnoll. The gnoll barely misses you. x2
Unknown command.
You hit the gnoll. The gnoll hits you with a +0 club.
You die...

.. #.####+#######
.#.............
.............. #.
#............
#.#.##............
.........†)g......
........##@#
........##.#######
........##........
..................##
...................#
####+#.########.#.#
#####..............#
...............#..)#
.#######.....#.#...#


You could see a gnoll.

Vanquished Creatures
  3 gnolls (D:2)
  A dart slug (D:1)
  5 ball pythons (D:1)
  2 endoplasms
  2 giant cockroaches
  5 goblins
  4 hobgoblins
  5 kobolds (D:1)
  2 quokkas (D:1)
  5 bats (D:1)
  6 rats (D:1)
40 creatures vanquished.

Notes
Turn   | Place    | Note
-------+----------+-------------------------------------------
     0 | D:1      | Pooter the Gargoyle Berserker began the quest for the Orb.
     0 | D:1      | Reached XP level 1. HP: 14/14 MP: 1/1
   138 | D:1      | Reached skill level 1 in Stealth
   164 | D:1      | Found Lucejelu's Distillery.
   172 | D:1      | Reached XP level 2. HP: 19/19 MP: 2/2
   451 | D:1      | Reached XP level 3. HP: 23/23 MP: 3/3
   644 | D:1      | Reached ** piety under Trog
   843 | D:2      | Upgraded the game from 0.31-a0-236-g9a0961fb85 to
                  | 0.31-a0-237-g2d982f9f85
   995 | D:2      | Reached XP level 4. HP: 15/29 MP: 4/4
  1000 | D:2      | Slain by a gnoll

Illustrated notes

Levels and vault maps discovered:
D:1:      sevenhm_arrival_forest_fort_large_2, layout_loops_cross, serial_shops,
          shop, minmay_ruptured
D:2:      layout_basic, solitary_fountain, kennysheep_generic_room_8

Skill      XL: |  1  2  3 |
---------------+----------+-----
Stealth        | 1 2 |  2.5
Axes           | 3 |  3.4
Fighting       | |  3.7
Armour         | |  2.1
Dodging        | |  1.5
Evocations     | |  0.5

Action                     |  1- 3 |  4- 6 || total
---------------------------+-------+-------++-------
  Melee: Hand axe          |    90 |     6 ||    96
 Invoke: Berserk           |     3 |       ||     3
    Use: Scroll            |     3 |       ||     3
 Armour: Animal skin       |    11 |       ||    11
         Ring mail         |    37 |       ||    37
  Dodge: Dodged            |    60 |     4 ||    64

Table legend: (Time is in decaauts)
 A = Elapsed time spent in this place.
 B = Non-inter-level travel time spent in this place.
 C = Inter-level travel time spent in this place.
 D = Time resting spent in this place.
 E = Time spent auto-exploring this place.
 F = Levels seen in this place.
 G = Mean time per level.
                   A        B        C        D        E       F      G
               +--------+--------+--------+--------+--------+-----+--------+
         Total |   1028 |    983 |     45 |    113 |    588 |   2 |  514.0 |
       Dungeon |   1028 |    983 |     45 |    113 |    588 |   2 |  514.0 |
               +--------+--------+--------+--------+--------+-----+--------+

Top non-repeatable levels by time:
     D:1: 870 daAuts
     D:2: 157 daAuts
